 Dungeon Crawl Stone Soup version 0.23.2-1-ga50397a (webtiles) character file.

Game seed: 16821152287942275324

7283 Lickle the Envoy of Void (level 10, -5/79 HPs)
             Began as a Demonspawn Abyssal Knight on Apr 23, 2019.
             Was a High Priest of Lugonu.
             Splashed by a centaur's acid (16 damage)
             ... on level 9 of the Dungeon.
             The game lasted 00:43:09 (7272 turns).

Lickle the Envoy of Void (DsAK)                     Turns: 7272, Time: 00:43:10

Health: -5/79      AC: 17    Str: 14    XL:     10   Next: 89%
Magic:  0/17       EV: 14    Int: 18    God:    Lugonu [*****.]
Gold:   417        SH: 14    Dex: 27    Spells: 9/9 levels left

rFire    + . .     SeeInvis +   k - +9 hand axe of Propriety {chop, *Noise rPois Dex+3}
rCold    . . .     Gourm    .   r - +3 shield {rC+}
rNeg     . . .     Faith    .   i - +6 leather armour "Zoti" {+Blink rC- Int+3 Dex+3}
rPois    +         Spirit   +   (helmet restricted)
rElec    .         Reflect  .   t - +0 cloak
rCorr    .         Harm     .   u - +0 pair of gloves
MR       +++..                  e - +2 pair of boots
Stlth    ++++......             v - amulet of guardian spirit
HPRegen  0.23/turn              y - ring of Moral Flaws {*Drain rF+ MR+++ Dex+8 SInv}
MPRegen  0.15/turn              (no ring)

@: no status effects
A: antennae 1, yellow scales 1, powered by death 2, spiny 2
a: Depart the Abyss, Bend Space, Banish, Corrupt, Enter the Abyss, Renounce
Religion, Evoke Blink


You were on level 9 of the Dungeon.
You worshipped Lugonu.
Lugonu was extremely pleased with you.
You were not hungry.

You visited 1 branch of the dungeon, and saw 9 of its levels.
You visited the Abyss 1 time.

You collected 495 gold pieces.
You spent 78 gold pieces at shops.

Inventory:

Hand Weapons
 k - the +9 hand axe of Propriety (weapon) {chop, *Noise rPois Dex+3}
   (You found it on level 4 of the Dungeon)

   It inflicts extra damage upon your enemies.
   It affects your dexterity (+3).
   It protects you from poison.
   It may make noises in combat.
Missiles
 h - 6 steel tomahawks (quivered)
Armour
 a - a +4 chain mail
 e - a +2 pair of boots (worn)
 i - the +6 leather armour "Zoti" (worn) {+Blink rC- Int+3 Dex+3}
   (You found it on level 6 of the Dungeon)

   It affects your intelligence (+3).
   It affects your dexterity (+3).
   It makes you vulnerable to cold.
   It lets you blink.
 r - a +3 shield of cold resistance (worn)
 t - a +0 cloak (worn)
 u - a +0 pair of gloves (worn)
Jewellery
 v - an amulet of guardian spirit (around neck)
 y - the ring of Moral Flaws (left hand) {*Drain rF+ MR+++ Dex+8 SInv}
   (You took it off a gnoll on level 8 of the Dungeon)

   [ring of protection from fire]

   It affects your dexterity (+8).
   It protects you from fire.
   It affects your resistance to hostile enchantments.
   It lets you see invisible.
   It causes draining when unequipped.
Wands
 f - a wand of flame (13)
 o - a wand of disintegration (5)
 p - a wand of paralysis (5)
 s - a wand of enslavement (17)
 x - a wand of iceblast (10)
 E - a wand of acid (10)
 F - a wand of digging (3)
Scrolls
 b - 2 scrolls of fog
 j - 3 scrolls of immolation
 l - 6 scrolls of magic mapping
 m - 4 scrolls of remove curse
 q - 4 scrolls of teleportation
 w - 2 scrolls of enchant weapon
 B - 2 scrolls of identify
Potions
 d - 4 potions of haste
 g - 2 potions of curing
 n - a potion of flight
 A - a potion of resistance
Comestibles
 c - 8 rations
 G - 4 chunks of flesh


   Skills:
 + Level 7.2 Fighting
 + Level 5.1(5.4) Axes
   Level 2.5(4.1) Polearms
 - Level 5.0 Armour
 - Level 5.0 Dodging
 + Level 7.1 Stealth
 - Level 5.0 Shields
 + Level 9.4 Invocations
 - Level 3.0 Evocations


You had 9 spell levels left.
You didn't know any spells.
Your spell library contained the following spells:

 Spells                   Type           Power        Failure   Level  Hunger
 Infusion                 Chrm           #...         69%         1    ##.....
 Shroud of Golubria       Chrm/Tloc      #.........   83%         2    ###....
 Song of Slaying          Chrm           #.......     83%         2    ###....
 Regeneration             Chrm/Necr      #.........   96%         3    ####...
 Spectral Weapon          Hex/Chrm       #.......     96%         3    ####...


Dungeon Overview and Level Annotations

Branches:
Dungeon (9/15)             Temple (0/1) D:7
   Lair: D:8-11         Orc: D:9-12

Altars:
Elyvilon
Hepliaklqana
Makhleb
Qazlal
Trog
Xom
The Shining One

Shops:
D:4 *   D:6 *   D:9 (


Innate Abilities, Weirdness & Mutations

You have a pair of small antennae on your head.
You are partially covered in yellow scales. (AC +2)
You regenerate health from kills.
You are mostly covered in sharp spines.


Message History

The hippogriff is severely wounded.
The centaur shoots an arrow.
You block the arrow.
The hippogriff is struck by your spines.
The hippogriff misses you. The hippogriff pecks you.
You block the hippogriff's attack.
You slash the hippogriff!
You kill the hippogriff!
Lugonu accepts your kill.
The centaur zaps a wand.
The bolt of acid hits you!
You are splashed with acid!
* * * LOW HITPOINT WARNING * * *
The centaur zaps a wand.
The bolt of acid hits you!
* * * LOW HITPOINT WARNING * * *
You are splashed with acid!
* * * LOW HITPOINT WARNING * * *
Okay, then.
You feel better.
The centaur zaps a wand.
The bolt of acid hits you!
* * * LOW HITPOINT WARNING * * *
You are splashed with acid!
You die...

#...........# #...........####
#..... #............... #......
#.......o...%... .......
#...........## ....... ..
##.........# .##>...... .. ..
#....(†...#### c..<..... ...#.
#......)≈≈≈..###........(......#.
#......≈≈≈≈†(.)#@................
#.....(≈≈∩÷.)#...##..........[.#.
#......≈≈≈≈)###.(## #..........##
##...†..≈≈≈)......####.........##
#.........#.#..................##
#.............######...........#.
#......)...##.# #............
#.........###.#######........>.#.
.....)....# #.......##....)....#.


You could see a centaur.

Vanquished Creatures
  3 two-headed ogres
  An ugly thing (D:9)
  A troll (D:9)
  3 hippogriffs
  The ghost of Aske the Cutter, an amateur GrGl of Ashenzari (D:4)
  Sigmund (D:5)
  A wyvern (D:8)
  A hungry ghost (D:8)
  A water moccasin (D:7)
  3 orc warriors
  2 ice beasts
  2 black bears (D:8)
  4 phantoms
  A sky beast (D:8)
  2 ogres
  3 centaurs
  A big kobold (D:4)
  2 bullfrogs (D:7)
  A gnoll sergeant (D:8)
  3 scorpions
  10 wights
  A howler monkey (D:5)
  5 crimson imps
  A gnoll shaman (D:7)
  2 hounds
  2 jellies
  A quasit (D:9)
  3 orc priests
  A centaur skeleton (D:7)
  Natasha (thrice) (D:2)
  4 orc wizards
  5 worker ants
  A killer bee zombie (D:5)
  3 hound zombies
  2 worker ant zombies
  Robin (D:2)
  A howler monkey zombie (D:5)
  7 gnolls
  13 adders
  3 oozes
  3 adder skeletons
  3 dart slugs
  3 leopard geckos
  31 orcs
  7 bats
  6 giant cockroaches
  16 goblins
  10 hobgoblins
  5 jackals
  3 quokkas
  3 frilled lizards
  17 kobolds
  2 leopard gecko skeletons
  A leopard gecko zombie (D:4)
  A quokka skeleton (D:3)
  9 rats
  A fungus (D:1)
227 creatures vanquished.

Vanquished Creatures (collateral kills)
  An orc priest (D:9)
1 creature vanquished.

Vanquished Creatures (others)
  2 fungi (D:4)
  2 plants (D:4)
4 creatures vanquished.

Grand Total: 232 creatures vanquished

Notes
Turn   | Place    | Note
-------+----------+-------------------------------------------
     0 | Abyss:1  | Lickle the Demonspawn Abyssal Knight began the quest for
                  | the Orb.
     0 | Abyss:1  | Reached XP level 1. HP: 18/18 MP: 2/2
    83 | Abyss:2  | Noticed a large abomination
    83 | Abyss:2  | Noticed a smoke demon
    84 | D:1      | Escaped the Abyss
   109 | D:1      | Reached skill level 1 in Dodging
   116 | D:1      | Reached * piety under Lugonu
   284 | D:1      | Gained mutation: You regenerate a little health from kills.
                  | [demonic ancestry]
   284 | D:1      | Reached XP level 2. HP: 24/24 MP: 4/4
   683 | D:1      | Found a shimmering altar of Xom.
   838 | D:2      | Reached skill level 1 in Stealth
   838 | D:2      | Reached skill level 3 in Invocations
   838 | D:2      | Gained mutation: You regenerate health from kills. [demonic
                  | ancestry]
   838 | D:2      | Reached XP level 3. HP: 29/29 MP: 5/5
  1128 | D:2      | Noticed Natasha
  1206 | D:2      | Killed Natasha
  1206 | D:2      | Gained mutation: You have a pair of small antennae on your
                  | head. [demonic ancestry]
  1206 | D:2      | Reached XP level 4. HP: 34/35 MP: 6/6
  1247 | D:2      | Noticed Natasha
  1255 | D:2      | Killed Natasha
  1271 | D:2      | Noticed Natasha
  1429 | D:2      | Killed Natasha
  1617 | D:2      | Gained mutation: You are partially covered in sharp spines.
                  | [demonic ancestry]
  1617 | D:2      | Reached XP level 5. HP: 39/41 MP: 7/7
  1689 | D:2      | Reached ** piety under Lugonu
  1730 | D:2      | Noticed Robin
  1755 | D:2      | Killed Robin
  1973 | D:3      | Found a hazy altar of Hepliaklqana.
  2166 | D:3      | Reached skill level 4 in Invocations
  2225 | D:3      | Found a faded altar of an unknown god.
  2577 | D:4      | Got an ancient hand axe
  2578 | D:4      | Identified the +9 hand axe of Propriety {chop, *Noise rPois
                  | Dex+3} (You found it on level 4 of the Dungeon)
  2581 | D:4      | Found a runed translucent gate.
  2581 | D:4      | Found a runed translucent gate.
  2582 | D:4      | Found a runed translucent gate.
  2582 | D:4      | Identified the +3 dagger of Traps {drain, Int+6 Dex+3}
  2595 | D:4      | Noticed Aske's ghost (amateur GrGl)
  2608 | D:4      | Found a glowing golden altar of the Shining One.
  2640 | D:4      | Found a bloodstained altar of Trog.
  2752 | D:4      | Found Yrro's General Store.
  2924 | D:4      | Found a burning altar of Makhleb.
  3120 | D:4      | Gained mutation: You are partially covered in yellow
                  | scales. (AC +2) [demonic ancestry]
  3120 | D:4      | Reached XP level 6. HP: 48/48 MP: 9/9
  3407 | D:4      | Killed Aske's ghost
  3407 | D:4      | Reached *** piety under Lugonu
  3407 | D:4      | Reached skill level 1 in Axes
  3407 | D:4      | Reached skill level 1 in Shields
  3407 | D:4      | Gained mutation: You are mostly covered in sharp spines.
                  | [demonic ancestry]
  3407 | D:4      | Reached XP level 7. HP: 25/54 MP: 10/10
  3514 | D:5      | Entered Level 5 of the Dungeon
  3562 | D:5      | Reached skill level 5 in Invocations
  3642 | D:5      | Noticed Sigmund
  3673 | D:5      | Killed Sigmund
  3673 | D:5      | Reached skill level 5 in Fighting
  3783 | D:5      | Found a white marble altar of Elyvilon.
  3871 | D:5      | Reached XP level 8. HP: 58/62 MP: 11/11
  4080 | D:6      | Found Reamp's Assorted Antiques.
  4089 | D:6      | Bought a scroll labeled GUMOZX IPIUDUN for 26 gold pieces
  4089 | D:6      | Bought a scroll of identify for 52 gold pieces
  4493 | D:6      | Reached **** piety under Lugonu
  4926 | D:6      | Got a jacinth-encrusted leather armour
  4958 | D:6      | Identified the +6 leather armour "Zoti" {+Blink rC- Int+3
                  | Dex+3} (You found it on level 6 of the Dungeon)
  5028 | D:7      | Reached skill level 6 in Invocations
  5039 | D:7      | Reached XP level 9. HP: 63/69 MP: 11/13
  5308 | D:7      | Found a staircase to the Ecumenical Temple.
  5422 | D:7      | Reached skill level 5 in Stealth
  5640 | D:7      | Reached skill level 1 in Evocations
  5754 | D:7      | Reached skill level 7 in Invocations
  5817 | D:7      | Noticed a two-headed ogre
  5829 | D:7      | Killed a two-headed ogre
  6480 | D:8      | Reached XP level 10. HP: 74/76 MP: 13/15
  6525 | D:8      | Identified the ring of Moral Flaws {*Drain rF+ MR+++ Dex+8
                  | SInv}
  6542 | D:8      | Found a stormy altar of Qazlal.
  6549 | D:8      | Reached skill level 8 in Invocations
  6975 | D:9      | Noticed a two-headed ogre
  6985 | D:9      | Killed a two-headed ogre
  6985 | D:9      | Reached skill level 5 in Armour
  6985 | D:9      | Reached skill level 5 in Dodging
  6985 | D:9      | Reached skill level 5 in Shields
  7098 | D:9      | Found Mepecatz's Antique Weapon Shop.
  7111 | D:9      | Noticed a two-headed ogre
  7128 | D:9      | Killed a two-headed ogre
  7132 | D:9      | Reached skill level 9 in Invocations
  7176 | D:9      | Noticed a cyan ugly thing
  7176 | D:9      | Reached ***** piety under Lugonu
  7219 | D:9      | Killed a cyan ugly thing
  7219 | D:9      | Reached skill level 5 in Axes
  7272 | D:9      | Splashed by a centaur's acid

Skill      XL: |  1  2  3  4  5  6  7  8  9 10 |
---------------+-------------------------------+-----
Dodging        | 1 2 3 4 5 |  5.0
Polearms       | 2 |  2.5
Armour         | 2 3 4 5 |  5.0
Stealth        | 1 2 3 4 6 7 |  7.1
Invocations    | 3 4 5 6 7 9 |  9.4
Fighting       | 4 5 6 7 |  7.2
Axes           | 1 2 3 4 5 |  5.1
Shields        | 1 2 4 5 |  5.0
Evocations     | 2 3 |  3.0

Action                   |  1- 3 |  4- 6 |  7- 9 | 10-12 || total
-------------------------+-------+-------+-------+-------++-------
Melee: Spear             |   118 |   108 |       |       ||   226
       Hand axe          |       |    35 |   203 |   125 ||   363
Invok: Depart the Abyss  |     1 |       |       |       ||     1
Evoke: Wand              |       |     3 |     5 |       ||     8
  Use: Scroll            |     9 |     6 |     5 |     5 ||    25
       Potion            |     6 |     3 |       |     2 ||    11
 Stab: Sleeping          |       |     4 |     5 |     3 ||    12
       Paralysed         |       |     9 |       |       ||     9
       Distracted        |       |       |     1 |       ||     1
  Eat: Ration            |     1 |     1 |     2 |     1 ||     5
       Chunk             |       |     1 |     2 |     3 ||     6
Armor: Ring mail         |    49 |    38 |    16 |       ||   103
       Skin              |     1 |       |       |       ||     1
       Leather armour    |       |       |    47 |    33 ||    80
Dodge: Dodged            |    54 |    45 |    59 |    57 ||   215
Block: Shield            |       |     7 |   110 |   111 ||   228
